Jets vs Hurricanes

Created - December 2, 2015 at 17:29

Goals
1 2 3 OT1 T
Jets 2 0 0 0 2
Hurricanes 0 1 1 1 3
Shots
1 2 3 OT1 T
Jets 10 11 6 0 27
Hurricanes 3 5 12 2 22

1st period

1. Jets , Joe Pavelski 18 (Tobias Enstrom, Tyler Myers) at 4:06
2. Jets , Nick Bonino 9 (Korbinian Holzer) at 5:07

Penalties :
Nick Foligno (CAR) for High sticking (Minor) at 5:36, Dustin Byfuglien (CAR) for High sticking (Minor) at 9:12, Dustin Byfuglien (CAR) for High sticking (Double Minor) at 16:16

2nd period

3. Hurricanes , Brad Richardson 5 (Michael Frolik, Dustin Byfuglien) at 3:15

Penalties :
Brad Richardson (CAR) for Boarding (Minor) at 7:50, Dustin Byfuglien (CAR) for Hooking (Minor) at 15:53

3rd period

4. Hurricanes , Scott Gomez 6 (Brad Richardson, James Wisniewski) at 18:37

Penalties :
Nick Foligno (CAR) for Hooking (Minor) at 5:30, Tyler Myers (WPG) for Hooking (Minor) at 8:58, Nick Foligno (CAR) for Goalie Interference (Minor) at 11:32, Dylan Olsen (WPG) for Tripping (Minor) at 11:32

Overtime #1

5. Hurricanes , Michael Frolik 10 (Dustin Byfuglien, Brian Strait) at 1:28

Penalties :
No Penalty

Goalie Stats

Cory Schneider (WPG), 19 saves from 22 shots - (0.864), OTL, 19-4-3, 61:29 minutes
Sergei Bobrovsky (CAR), 25 saves from 27 shots - (0.926), W, 8-13-4, 61:29 minutes

Players Stats for Jets

Player Name              G  A  P  +/- PIM S  H  SB GA TA FO     MP     PP MP  PK MP  
------------------------------------------------------------------------------------
Anders Lee               0  0  0   0  0   2  4  0  0  0  0/1    20:12   6:26   0:28 
Boyd Gordon              0  0  0  -1  0   0  0  0  0  0  2/4     4:24   0:00   0:00 
Brent Seabrook           0  0  0   0  0   2  0  0  0  0  0/0    21:45   7:11   0:34 
Brett Connolly           0  0  0   0  0   0  1  0  0  0  0/0     9:24   0:16   0:00 
Cam Atkinson             0  0  0   1  0   2  0  0  0  0  0/1    21:41   6:23   0:00 
David Krejci             0  0  0  -1  0   1  0  0  0  0  11/29  22:31   6:26   0:12 
Dylan Olsen              0  0  0   0  2   0  0  0  0  0  0/0     9:46   0:16   0:41 
Jamie Benn               0  0  0  -1  0   6  1  0  0  0  0/2    23:05   7:28   0:00 
Jeff Carter              0  0  0   1  0   3  2  0  0  0  1/1    23:39   7:12   0:00 
Joe Pavelski             1  0  1   1  0   2  1  1  0  0  19/36  23:39   7:12   0:00 
Kevin Klein              0  0  0   0  0   1  4  0  0  0  0/0    21:27   6:43   0:44 
Korbinian Holzer         0  1  1   0  0   0  0  0  0  0  0/0     3:45   0:00   0:00 
Nick Bonino              1  0  1  -1  0   3  0  0  0  0  4/12   14:16   0:00   1:00 
Nicklas Grossmann        0  0  0   0  0   0  2  0  0  0  0/0    13:09   0:00   0:34 
Patrick Eaves            0  0  0   0  0   1  0  0  0  0  0/0    10:14   0:19   0:47 
Tobias Enstrom           0  1  1  -1  0   2  0  2  0  0  0/0    27:21   6:55   1:25 
Tyler Myers              0  1  1  -1  2   1  1  0  0  0  0/0    25:43   6:43   0:00 
Vernon Fiddler           0  0  0  -1  0   1  0  0  0  0  0/0     5:55   0:00   1:31 

Players Stats for Hurricanes

Player Name              G  A  P  +/- PIM S  H  SB GA TA FO     MP     PP MP  PK MP  
------------------------------------------------------------------------------------
Alex Chiasson            0  0  0   0  0   0  1  0  0  0  0/0    10:47   0:00   0:22 
Alexander Killorn        0  0  0  -1  0   2  0  0  0  0  2/6     6:58   0:00   1:23 
Ben Lovejoy              0  0  0   0  0   0  2  1  0  0  0/0    22:38   0:49   4:34 
Brad Richardson          1  1  2   1  2   5  3  0  0  0  0/0    10:32   0:46   0:00 
Brian Boyle              0  0  0  -1  0   0  0  0  0  0  0/0     5:35   0:00   0:00 
Brian Strait             0  1  1   1  0   1  1  6  0  0  0/0    19:27   0:42   7:15 
Brooks Orpik             0  0  0  -1  0   0  0  0  0  0  0/0     7:30   0:00   2:36 
Bryan Little             0  0  0   0  0   0  2  0  0  0  15/24  20:08   1:13   0:00 
Dustin Byfuglien         0  2  2   1  8   0  5  2  0  0  0/0    24:58   1:17   3:10 
James Neal               0  0  0   0  0   1  0  0  0  0  2/2    17:34   1:13   0:00 
James Wisniewski         0  1  1   0  0   1  0  3  0  0  0/0    21:15   0:00   3:14 
Keith Yandle             0  0  0   1  0   2  0  2  0  0  0/0    26:29   1:10   6:37 
Leo Komarov              0  0  0   0  0   0  0  0  0  0  5/8    10:25   0:00   0:00 
Michael Frolik           1  1  2   2  0   2  1  0  0  0  1/3    15:59   0:46   4:32 
Nick Foligno             0  0  0   0  6   2  1  1  0  0  8/18   24:18   1:13   5:46 
Patrick Maroon           0  0  0   0  0   1  2  0  0  0  0/1    12:15   0:00   1:24 
Scott Gomez              1  0  1   2  0   5  0  1  0  0  16/23  19:35   0:46   6:45 
Shawn Matthias           0  0  0  -1  0   0  0  0  0  0  0/1    13:33   0:00   7:58 

3 Stars

1 - Michael Frolik (CAR)
2 - Brad Richardson (CAR)
3 - Scott Gomez (CAR)

Power Play

Jets - 0 on 7 Attempt(s) - 0.00%
Hurricanes - 0 on 1 Attempt(s) - 0.00%

Penalty Kill

Jets - 1 on 1 Attempt(s) - 100.00% - Score 0 goal in Penalty Kill
Hurricanes - 7 on 7 Attempt(s) - 100.00% - Score 0 goal in Penalty Kill

Team Stat

Jets - Hits : 16 - Faceoff Wins : 37 - Blocked Shots : 3 - Penalty Minutes : 4
Hurricanes - Hits : 18 - Faceoff Wins : 49 - Blocked Shots : 16 - Penalty Minutes : 16

Official

Referees : Brad Meier and Mark Lemelin
Linesman : Pierre Racicot and Andy McElman

Game Notes

Brooks Orpik is injured at 16:47 of 1st period (Back)

Finance

Level 1 -- Attendance: 6000 (100.00%) -- Ticket Income $600,000
Level 2 -- Attendance: 4909 (98.18%) -- Ticket Income $319,085
Level 3 -- Attendance: 3115 (89.00%) -- Ticket Income $140,175
Level 4 -- Attendance: 2799 (88.02%) -- Ticket Income $75,573
Luxury Box -- Attendance: 946 (94.60%) -- Ticket Income $189,200
Game was played at the PNC Arena.
Total Attendance: 17769 (95.12%)
Total Ticket Income: $1,324,033
Other Income: $198,605
Total Income: $1,522,638

% Time on Ice - Jets

Lines # - Real PCT - Wanted PCT - Time Play
Normal Forward
1 - 36% - 37% - 15:18
2 - 32% - 34% - 13:18
3 - 22% - 19% - 9:08
4 - 10% - 10% - 4:24
Normal Defense
1 - 40% - 39% - 16:42
2 - 30% - 31% - 12:51
3 - 21% - 20% - 8:50
4 - 9% - 10% - 3:45
PP Forward
1 - 54% - 70% - 7:28
2 - 46% - 30% - 6:26
PP Defense
1 - 52% - 70% - 7:11
2 - 48% - 30% - 6:43
PK Forward
1 - 100% - 75% - 1:59
2 - 0% - 25% - 0:00
PK Defense
1 - 71% - 60% - 1:25
2 - 29% - 40% - 0:34
PK3 Forward
1 - 0% - 70%
2 - 0% - 30%
PK3 Defense
1 - 0% - 60%
2 - 0% - 40%
44 Forward
1 - 33% - 50% - 1:09
2 - 67% - 50% - 2:19
44 Defense
1 - 67% - 51% - 2:19
2 - 33% - 49% - 1:09
Last Minute Offensive  - 0:00
Last Minute Defensive  - 0:00
Total
Forward - 61:29
Defense - 61:29

% Time on Ice - Hurricanes

Lines # - Real PCT - Wanted PCT - Time Play
Normal Forward
1 - 39% - 40% - 16:21
2 - 23% - 30% - 9:47
3 - 25% - 20% - 10:25
4 - 13% - 10% - 5:35
Normal Defense
1 - 40% - 40% - 16:46
2 - 41% - 30% - 17:15
3 - 16% - 20% - 6:55
4 - 3% - 10% - 1:12
PP Forward
1 - 61% - 60% - 1:13
2 - 39% - 40% - 0:46
PP Defense
1 - 59% - 60% - 1:10
2 - 41% - 40% - 0:49
PK Forward
1 - 67% - 60% - 9:22
2 - 33% - 40% - 4:32
PK Defense
1 - 79% - 60% - 10:55
2 - 21% - 40% - 2:59
PK3 Forward
1 - 0% - 60%
2 - 0% - 40%
PK3 Defense
1 - 0% - 60%
2 - 0% - 40%
44 Forward
1 - 87% - 60% - 3:00
2 - 13% - 40% - 0:28
44 Defense
1 - 100% - 60% - 3:28
2 - 0% - 40% - 0:00
Last Minute Offensive  - 0:00
Last Minute Defensive  - 0:00
Total
Forward - 61:29
Defense - 61:29

Play by Play

1st period


0:01 of 1st period - Bryan Little wins face-off versus Joe Pavelski in neutral zone.
0:08 of 1st period - Shot by Nick Foligno.
0:08 of 1st period - Shot Blocked by Tobias Enstrom.
0:32 of 1st period - Shot by Joe Pavelski.
0:32 of 1st period - Shot Misses the Net.
0:37 of 1st period - Cam Atkinson is hit by Dustin Byfuglien and loses puck.
0:41 of 1st period - Jeff Carter is hit by Dustin Byfuglien and loses puck.
2:10 of 1st period - Icing by Michael Frolik.
2:11 of 1st period - Scott Gomez wins face-off versus Nick Bonino in Hurricanes zone.
2:20 of 1st period - Shot by James Wisniewski.
2:20 of 1st period - Stopped by Cory Schneider with a rebound.
2:38 of 1st period - Brett Connolly is hit by Patrick Maroon and loses puck.
3:35 of 1st period - Shot by Alexander Killorn.
3:35 of 1st period - Stopped by Cory Schneider without a rebound.
3:36 of 1st period - Joe Pavelski wins face-off versus Alexander Killorn in Jets zone.
3:46 of 1st period - Icing by Tyler Myers.
3:47 of 1st period - Scott Gomez wins face-off versus Joe Pavelski in Jets zone.
4:06 of 1st period - Shot by Joe Pavelski.
4:06 of 1st period - Goal by Joe Pavelski - Jets : 1 - Hurricanes : 0.
4:07 of 1st period - David Krejci wins face-off versus Alexander Killorn in neutral zone.
4:12 of 1st period - Shot by Jamie Benn.
4:12 of 1st period - Stopped by Sergei Bobrovsky with a rebound.
5:01 of 1st period - Shot by Korbinian Holzer.
5:01 of 1st period - Shot Blocked by Dustin Byfuglien.
5:07 of 1st period - Shot by Nick Bonino.
5:07 of 1st period - Goal by Nick Bonino - Jets : 2 - Hurricanes : 0.
5:08 of 1st period - Joe Pavelski wins face-off versus Bryan Little in neutral zone.
5:31 of 1st period - Shot by Cam Atkinson.
5:31 of 1st period - Shot Misses the Net.
5:36 of 1st period - Minor Penalty to Nick Foligno for High sticking.
5:37 of 1st period - Scott Gomez wins face-off versus Joe Pavelski in Hurricanes zone.
6:56 of 1st period - Shot by David Krejci.
6:56 of 1st period - Shot Misses the Net.
7:38 of 1st period - Shot by Joe Pavelski.
7:38 of 1st period - Shot Misses the Net.
8:41 of 1st period - Shot by Scott Gomez.
8:41 of 1st period - Shot Blocked by Tobias Enstrom.
8:43 of 1st period - Shot by Brad Richardson.
8:43 of 1st period - Stopped by Cory Schneider without a rebound.
8:44 of 1st period - Joe Pavelski wins face-off versus Leo Komarov in Jets zone.
8:44 of 1st period - Brent Seabrook is hit by Patrick Maroon and loses puck.
9:12 of 1st period - Minor Penalty to Dustin Byfuglien for High sticking.
9:13 of 1st period - David Krejci wins face-off versus Nick Foligno in Hurricanes zone.
9:32 of 1st period - Shot by Anders Lee.
9:32 of 1st period - Stopped by Sergei Bobrovsky without a rebound.
9:33 of 1st period - Joe Pavelski wins face-off versus Michael Frolik in Hurricanes zone.
10:03 of 1st period - Off-side.
10:04 of 1st period - Scott Gomez wins face-off versus Anders Lee in neutral zone.
10:13 of 1st period - Brian Strait is hit by Anders Lee and loses puck.
10:28 of 1st period - Shot by David Krejci.
10:28 of 1st period - Shot Blocked by Brian Strait.
10:30 of 1st period - Shot by Anders Lee.
10:30 of 1st period - Stopped by Sergei Bobrovsky without a rebound.
10:31 of 1st period - Scott Gomez wins face-off versus Joe Pavelski in Hurricanes zone.
10:37 of 1st period - Icing by Jeff Carter.
10:38 of 1st period - Scott Gomez wins face-off versus Joe Pavelski in Jets zone.
10:38 of 1st period - Keith Yandle is hit by Kevin Klein and loses puck.
12:17 of 1st period - Off-side.
12:18 of 1st period - David Krejci wins face-off versus Michael Frolik in neutral zone.
12:35 of 1st period - David Krejci is hit by Brad Richardson and loses puck.
13:04 of 1st period - Icing by Michael Frolik.
13:05 of 1st period - Joe Pavelski wins face-off versus Scott Gomez in Hurricanes zone.
14:01 of 1st period - Shot by James Neal.
14:01 of 1st period - Shot Misses the Net.
14:37 of 1st period - Shot by Tobias Enstrom.
14:37 of 1st period - Deflect By Vernon Fiddler.
14:37 of 1st period - Shot Blocked by Keith Yandle.
14:45 of 1st period - Shot by Nick Bonino.
14:45 of 1st period - Shot Misses the Net.
14:47 of 1st period - Shot by Tobias Enstrom.
14:47 of 1st period - Shot Misses the Net.
15:34 of 1st period - Shot by David Krejci.
15:34 of 1st period - Shot Misses the Net.
15:36 of 1st period - Shot by Anders Lee.
15:36 of 1st period - Shot Misses the Net.
16:16 of 1st period - Double Minor Penalty to Dustin Byfuglien for High sticking.
16:17 of 1st period - Nick Foligno wins face-off versus Joe Pavelski in Hurricanes zone.
16:26 of 1st period - Shot by Jamie Benn.
16:26 of 1st period - Shot Misses the Net.
16:46 of 1st period - Brooks Orpik is hit by Jamie Benn and loses puck.
16:47 of 1st period - Brooks Orpik from Hurricanes is injured at 16:47 of 1st period (Back).
16:48 of 1st period - David Krejci wins face-off versus Scott Gomez in Hurricanes zone.
16:55 of 1st period - Shot by Cam Atkinson.
16:55 of 1st period - Stopped by Sergei Bobrovsky without a rebound.
16:56 of 1st period - Nick Foligno wins face-off versus David Krejci in Hurricanes zone.
16:56 of 1st period - Nick Foligno is hit by Anders Lee.
17:10 of 1st period - Shot by David Krejci.
17:10 of 1st period - Stopped by Sergei Bobrovsky with a rebound.
17:18 of 1st period - Shot by David Krejci.
17:18 of 1st period - Shot Blocked by Brian Strait.
17:20 of 1st period - Shot by Kevin Klein.
17:20 of 1st period - Shot Blocked by James Wisniewski.
17:22 of 1st period - Shot by Cam Atkinson.
17:22 of 1st period - Stopped by Sergei Bobrovsky with a rebound.
17:24 of 1st period - Shot by Tyler Myers.
17:24 of 1st period - Shot Misses the Net.
17:56 of 1st period - Shot by Jamie Benn.
17:56 of 1st period - Stopped by Sergei Bobrovsky without a rebound.
17:57 of 1st period - Joe Pavelski wins face-off versus Nick Foligno in Hurricanes zone.
18:00 of 1st period - Shot by Jamie Benn.
18:00 of 1st period - Shot Blocked by Keith Yandle.
18:02 of 1st period - Shot by Tobias Enstrom.
18:02 of 1st period - Shot Misses the Net.
18:04 of 1st period - Shot by Tobias Enstrom.
18:04 of 1st period - Stopped by Sergei Bobrovsky without a rebound.
18:05 of 1st period - Joe Pavelski wins face-off versus Nick Foligno in Hurricanes zone.
18:55 of 1st period - Icing by Cam Atkinson.
18:56 of 1st period - Nick Foligno wins face-off versus Cam Atkinson in Jets zone.
19:37 of 1st period - Icing by David Krejci.
19:38 of 1st period - David Krejci wins face-off versus Shawn Matthias in Jets zone.
Goals for this period are 2 for Jets vs 0 for Hurricanes.
Shots for this period are 10 for Jets vs 3 for Hurricanes.

2nd period


0:01 of 2nd period - Joe Pavelski wins face-off versus Nick Foligno in neutral zone.
0:06 of 2nd period - Shot by Joe Pavelski.
0:06 of 2nd period - Stopped by Sergei Bobrovsky with a rebound.
0:08 of 2nd period - Shot by Jeff Carter.
0:08 of 2nd period - Stopped by Sergei Bobrovsky without a rebound.
0:09 of 2nd period - Joe Pavelski wins face-off versus Nick Foligno in Hurricanes zone.
0:09 of 2nd period - Joe Pavelski is hit by Ben Lovejoy.
0:20 of 2nd period - Icing by Dustin Byfuglien.
0:21 of 2nd period - Scott Gomez wins face-off versus Joe Pavelski in Hurricanes zone.
0:32 of 2nd period - Cam Atkinson is hit by Michael Frolik and loses puck.
1:30 of 2nd period - Shot by Nick Foligno.
1:30 of 2nd period - Shot Blocked by Joe Pavelski.
1:33 of 2nd period - Icing by Tobias Enstrom.
1:34 of 2nd period - Leo Komarov wins face-off versus Joe Pavelski in Jets zone.
1:38 of 2nd period - Icing by Tyler Myers.
1:39 of 2nd period - Joe Pavelski wins face-off versus Patrick Maroon in Jets zone.
1:52 of 2nd period - Shot by Patrick Maroon.
1:52 of 2nd period - Shot Misses the Net.
2:20 of 2nd period - Patrick Maroon is hit by Kevin Klein and loses puck.
2:24 of 2nd period - Icing by Jamie Benn.
2:25 of 2nd period - David Krejci wins face-off versus Bryan Little in Jets zone.
2:25 of 2nd period - David Krejci is hit by Nick Foligno.
2:30 of 2nd period - Jamie Benn is hit by Dustin Byfuglien and loses puck.
2:48 of 2nd period - Icing by Keith Yandle.
2:49 of 2nd period - Nick Bonino wins face-off versus Bryan Little in Hurricanes zone.
2:49 of 2nd period - Patrick Eaves is hit by Dustin Byfuglien and loses puck.
2:58 of 2nd period - Shot by Nick Bonino.
2:58 of 2nd period - Stopped by Sergei Bobrovsky without a rebound.
2:59 of 2nd period - Boyd Gordon wins face-off versus Scott Gomez in Hurricanes zone.
3:06 of 2nd period - Tobias Enstrom is hit by Brad Richardson and loses puck.
3:15 of 2nd period - Shot by Brad Richardson.
3:15 of 2nd period - Goal by Brad Richardson - Jets : 2 - Hurricanes : 1.
3:16 of 2nd period - Bryan Little wins face-off versus Joe Pavelski in neutral zone.
3:18 of 2nd period - Off-side.
3:19 of 2nd period - Bryan Little wins face-off versus Joe Pavelski in neutral zone.
3:31 of 2nd period - Off-side.
3:32 of 2nd period - Scott Gomez wins face-off versus David Krejci in neutral zone.
3:40 of 2nd period - Anders Lee is hit by Brad Richardson.
3:45 of 2nd period - Icing by Kevin Klein.
3:46 of 2nd period - Bryan Little wins face-off versus David Krejci in Jets zone.
3:56 of 2nd period - Icing by Jamie Benn.
3:57 of 2nd period - Scott Gomez wins face-off versus David Krejci in Jets zone.
4:13 of 2nd period - Keith Yandle is hit by Kevin Klein and loses puck.
5:32 of 2nd period - Icing by Tobias Enstrom.
5:33 of 2nd period - Jeff Carter wins face-off versus Alexander Killorn in Jets zone.
6:13 of 2nd period - Brian Strait is hit by Joe Pavelski and loses puck.
7:03 of 2nd period - Icing by James Wisniewski.
7:04 of 2nd period - James Neal wins face-off versus Jamie Benn in Hurricanes zone.
7:26 of 2nd period - Icing by Ben Lovejoy.
7:27 of 2nd period - Bryan Little wins face-off versus Nick Bonino in Hurricanes zone.
7:42 of 2nd period - Michael Frolik is hit by Brett Connolly and loses puck.
7:50 of 2nd period - Minor Penalty to Brad Richardson for Boarding.
7:51 of 2nd period - Nick Foligno wins face-off versus David Krejci in Hurricanes zone.
9:20 of 2nd period - Shot by Tyler Myers.
9:20 of 2nd period - Shot Blocked by Brian Strait.
9:22 of 2nd period - Shot by Kevin Klein.
9:22 of 2nd period - Shot Blocked by Brian Strait.
9:24 of 2nd period - Shot by Joe Pavelski.
9:24 of 2nd period - Shot Misses the Net.
9:26 of 2nd period - Shot by Kevin Klein.
9:26 of 2nd period - Shot Blocked by Brian Strait.
9:40 of 2nd period - Shot by Brett Connolly.
9:40 of 2nd period - Deflect By Jamie Benn.
9:40 of 2nd period - Shot Misses the Net.
9:42 of 2nd period - Shot by Jamie Benn.
9:42 of 2nd period - Shot Blocked by Scott Gomez.
9:46 of 2nd period - Shot by Patrick Eaves.
9:46 of 2nd period - Stopped by Sergei Bobrovsky without a rebound.
9:47 of 2nd period - David Krejci wins face-off versus Nick Foligno in Hurricanes zone.
10:36 of 2nd period - Boyd Gordon is hit by Alex Chiasson and loses puck.
10:57 of 2nd period - Shot by James Neal.
10:57 of 2nd period - Stopped by Cory Schneider without a rebound.
10:58 of 2nd period - Alexander Killorn wins face-off versus Jamie Benn in Jets zone.
11:07 of 2nd period - Icing by Tyler Myers.
11:08 of 2nd period - David Krejci wins face-off versus Bryan Little in Jets zone.
11:13 of 2nd period - Shot by Tyler Myers.
11:13 of 2nd period - Stopped by Sergei Bobrovsky without a rebound.
11:14 of 2nd period - Joe Pavelski wins face-off versus Bryan Little in Hurricanes zone.
11:24 of 2nd period - Shot by Joe Pavelski.
11:24 of 2nd period - Shot Misses the Net.
11:41 of 2nd period - Icing by Tyler Myers.
11:42 of 2nd period - Scott Gomez wins face-off versus Joe Pavelski in Jets zone.
11:47 of 2nd period - Shot by Brad Richardson.
11:47 of 2nd period - Stopped by Cory Schneider with a rebound.
12:36 of 2nd period - Icing by Jamie Benn.
12:37 of 2nd period - Bryan Little wins face-off versus David Krejci in Jets zone.
12:37 of 2nd period - Brian Strait is hit by Kevin Klein and loses puck.
13:42 of 2nd period - Shot by Patrick Eaves.
13:42 of 2nd period - Deflect By Nick Bonino.
13:42 of 2nd period - Stopped by Sergei Bobrovsky without a rebound.
13:43 of 2nd period - Alexander Killorn wins face-off versus Joe Pavelski in Hurricanes zone.
13:43 of 2nd period - Alexander Killorn is hit by Jeff Carter.
13:46 of 2nd period - Brian Boyle is hit by Jeff Carter and loses puck.
15:09 of 2nd period - Icing by Nicklas Grossmann.
15:10 of 2nd period - Bryan Little wins face-off versus Nick Bonino in Jets zone.
15:13 of 2nd period - Shot by Nick Foligno.
15:13 of 2nd period - Stopped by Cory Schneider without a rebound.
15:14 of 2nd period - Bryan Little wins face-off versus David Krejci in Jets zone.
15:19 of 2nd period - Shot by Nick Foligno.
15:19 of 2nd period - Stopped by Cory Schneider without a rebound.
15:20 of 2nd period - Bryan Little wins face-off versus David Krejci in Jets zone.
15:29 of 2nd period - Nick Foligno is hit by Anders Lee and loses puck.
15:36 of 2nd period - Shot by Jamie Benn.
15:36 of 2nd period - Stopped by Sergei Bobrovsky without a rebound.
15:37 of 2nd period - Joe Pavelski wins face-off versus Scott Gomez in Hurricanes zone.
15:45 of 2nd period - Joe Pavelski is hit by Dustin Byfuglien and loses puck.
15:53 of 2nd period - Minor Penalty to Dustin Byfuglien for Hooking.
15:54 of 2nd period - Joe Pavelski wins face-off versus Nick Foligno in Hurricanes zone.
15:55 of 2nd period - Shot by Brent Seabrook.
15:55 of 2nd period - Shot Blocked by Brian Strait.
15:57 of 2nd period - Shot by Brent Seabrook.
15:57 of 2nd period - Stopped by Sergei Bobrovsky without a rebound.
15:58 of 2nd period - Joe Pavelski wins face-off versus Nick Foligno in Hurricanes zone.
16:06 of 2nd period - Icing by Joe Pavelski.
16:07 of 2nd period - Nick Foligno wins face-off versus Joe Pavelski in Jets zone.
16:40 of 2nd period - Shot by Jeff Carter.
16:40 of 2nd period - Stopped by Sergei Bobrovsky with a rebound.
16:42 of 2nd period - Shot by Brent Seabrook.
16:42 of 2nd period - Stopped by Sergei Bobrovsky without a rebound.
16:43 of 2nd period - Nick Foligno wins face-off versus David Krejci in Hurricanes zone.
17:44 of 2nd period - Icing by Joe Pavelski.
17:45 of 2nd period - Nick Foligno wins face-off versus Joe Pavelski in Jets zone.
17:58 of 2nd period - Shot by Patrick Eaves.
17:58 of 2nd period - Shot Misses the Net.
19:14 of 2nd period - Shot by Jeff Carter.
19:14 of 2nd period - Shot Blocked by Ben Lovejoy.
19:16 of 2nd period - Shot by Cam Atkinson.
19:16 of 2nd period - Shot Misses the Net.
19:18 of 2nd period - Shot by Cam Atkinson.
19:18 of 2nd period - Shot Misses the Net.
19:20 of 2nd period - Shot by Jeff Carter.
19:20 of 2nd period - Shot Blocked by James Wisniewski.
19:22 of 2nd period - Shot by Cam Atkinson.
19:22 of 2nd period - Shot Misses the Net.
19:54 of 2nd period - Shot by Jamie Benn.
19:54 of 2nd period - Stopped by Sergei Bobrovsky without a rebound.
19:55 of 2nd period - Boyd Gordon wins face-off versus Scott Gomez in Hurricanes zone.
19:55 of 2nd period - Boyd Gordon is hit by Brian Strait.
Goals for this period are 0 for Jets vs 1 for Hurricanes.
Shots for this period are 11 for Jets vs 5 for Hurricanes.

3rd period


0:01 of 3rd period - Nick Foligno wins face-off versus David Krejci in neutral zone.
0:49 of 3rd period - Icing by Keith Yandle.
0:50 of 3rd period - Bryan Little wins face-off versus Joe Pavelski in Hurricanes zone.
1:23 of 3rd period - Shot by Brad Richardson.
1:23 of 3rd period - Stopped by Cory Schneider with a rebound.
1:29 of 3rd period - Shot by Brad Richardson.
1:29 of 3rd period - Stopped by Cory Schneider with a rebound.
1:31 of 3rd period - Shot by Michael Frolik.
1:31 of 3rd period - Shot Misses the Net.
1:33 of 3rd period - Shot by Scott Gomez.
1:33 of 3rd period - Stopped by Cory Schneider without a rebound.
1:34 of 3rd period - Leo Komarov wins face-off versus Nick Bonino in Jets zone.
2:10 of 3rd period - Shot by Patrick Maroon.
2:10 of 3rd period - Shot Misses the Net.
2:12 of 3rd period - Shot by Brian Strait.
2:12 of 3rd period - Stopped by Cory Schneider without a rebound.
2:13 of 3rd period - Bryan Little wins face-off versus David Krejci in Jets zone.
3:35 of 3rd period - Shot by Scott Gomez.
3:35 of 3rd period - Shot Hit the Post.
3:51 of 3rd period - Shot by Michael Frolik.
3:51 of 3rd period - Stopped by Cory Schneider without a rebound.
3:52 of 3rd period - Leo Komarov wins face-off versus Nick Bonino in Jets zone.
3:55 of 3rd period - Shot by Alex Chiasson.
3:55 of 3rd period - Shot Misses the Net.
4:27 of 3rd period - Shot by Nick Bonino.
4:27 of 3rd period - Shot Hit the Post.
5:04 of 3rd period - Ben Lovejoy is hit by Anders Lee and loses puck.
5:30 of 3rd period - Minor Penalty to Nick Foligno for Hooking.
5:31 of 3rd period - Joe Pavelski wins face-off versus Scott Gomez in Hurricanes zone.
6:16 of 3rd period - Off-side.
6:17 of 3rd period - Scott Gomez wins face-off versus David Krejci in neutral zone.
6:27 of 3rd period - Icing by David Krejci.
6:28 of 3rd period - Scott Gomez wins face-off versus David Krejci in Jets zone.
7:25 of 3rd period - Shot by Patrick Maroon.
7:25 of 3rd period - Stopped by Cory Schneider without a rebound.
7:26 of 3rd period - Scott Gomez wins face-off versus Joe Pavelski in Jets zone.
7:51 of 3rd period - Shot by Nick Bonino.
7:51 of 3rd period - Shot Misses the Net.
8:29 of 3rd period - Icing by Nicklas Grossmann.
8:30 of 3rd period - Nick Bonino wins face-off versus Leo Komarov in Jets zone.
8:45 of 3rd period - Icing by Leo Komarov.
8:46 of 3rd period - Leo Komarov wins face-off versus Joe Pavelski in Hurricanes zone.
8:58 of 3rd period - Minor Penalty to Tyler Myers for Hooking.
8:59 of 3rd period - Nick Bonino wins face-off versus Nick Foligno in Jets zone.
8:59 of 3rd period - Nick Bonino is hit by Bryan Little.
9:10 of 3rd period - Shot by Vernon Fiddler.
9:10 of 3rd period - Stopped by Sergei Bobrovsky without a rebound.
9:11 of 3rd period - Nick Bonino wins face-off versus Nick Foligno in Hurricanes zone.
10:21 of 3rd period - Shot by Brad Richardson.
10:21 of 3rd period - Shot Misses the Net.
10:41 of 3rd period - Shot by Keith Yandle.
10:41 of 3rd period - Stopped by Cory Schneider without a rebound.
10:42 of 3rd period - James Neal wins face-off versus Nick Bonino in Jets zone.
10:45 of 3rd period - Shot by Dustin Byfuglien.
10:45 of 3rd period - Shot Misses the Net.
10:49 of 3rd period - Shot by Nick Foligno.
10:49 of 3rd period - Shot Misses the Net.
10:51 of 3rd period - Shot by Nick Foligno.
10:51 of 3rd period - Shot Misses the Net.
10:53 of 3rd period - Shot by Keith Yandle.
10:53 of 3rd period - Stopped by Cory Schneider without a rebound.
10:54 of 3rd period - Scott Gomez wins face-off versus Nick Bonino in Jets zone.
11:27 of 3rd period - Shot by Alexander Killorn.
11:27 of 3rd period - Shot Misses the Net.
11:29 of 3rd period - Shot by James Wisniewski.
11:29 of 3rd period - Deflect By Shawn Matthias.
11:29 of 3rd period - Shot Misses the Net.
11:31 of 3rd period - Shot by Brian Boyle.
11:31 of 3rd period - Deflect By Alexander Killorn.
11:31 of 3rd period - Stopped by Cory Schneider without a rebound.
11:32 of 3rd period - David Krejci wins face-off versus Bryan Little in Jets zone.
11:32 of 3rd period - Minor Penalty to Nick Foligno for Goalie Interference.
11:32 of 3rd period - Minor Penalty to Dylan Olsen for Tripping.
11:33 of 3rd period - Bryan Little wins face-off versus David Krejci in Jets zone.
11:33 of 3rd period - Keith Yandle is hit by Tyler Myers and loses puck.
11:50 of 3rd period - Shot by Scott Gomez.
11:50 of 3rd period - Stopped by Cory Schneider without a rebound.
11:51 of 3rd period - Joe Pavelski wins face-off versus Bryan Little in Jets zone.
12:10 of 3rd period - Off-side.
12:11 of 3rd period - Bryan Little wins face-off versus David Krejci in neutral zone.
12:16 of 3rd period - Jamie Benn is hit by Bryan Little and loses puck.
12:38 of 3rd period - Shot by Jamie Benn.
12:38 of 3rd period - Stopped by Sergei Bobrovsky with a rebound.
12:40 of 3rd period - Shot by Jamie Benn.
12:40 of 3rd period - Stopped by Sergei Bobrovsky with a rebound.
13:05 of 3rd period - Icing by Tyler Myers.
13:06 of 3rd period - Michael Frolik wins face-off versus David Krejci in Jets zone.
13:32 of 3rd period - Icing by Jamie Benn.
13:33 of 3rd period - Joe Pavelski wins face-off versus Alexander Killorn in Jets zone.
13:54 of 3rd period - Cam Atkinson is hit by Ben Lovejoy and loses puck.
14:00 of 3rd period - Off-side.
14:01 of 3rd period - Leo Komarov wins face-off versus Boyd Gordon in neutral zone.
14:03 of 3rd period - Alex Chiasson is hit by Nicklas Grossmann and loses puck.
14:18 of 3rd period - Shot by Nick Bonino.
14:18 of 3rd period - Shot Misses the Net.
14:20 of 3rd period - Shot by Nick Bonino.
14:20 of 3rd period - Shot Blocked by Dustin Byfuglien.
14:49 of 3rd period - Icing by Keith Yandle.
14:50 of 3rd period - Joe Pavelski wins face-off versus Leo Komarov in Hurricanes zone.
15:19 of 3rd period - Shot by Scott Gomez.
15:19 of 3rd period - Stopped by Cory Schneider without a rebound.
15:20 of 3rd period - Bryan Little wins face-off versus David Krejci in Jets zone.
17:58 of 3rd period - Off-side.
17:59 of 3rd period - David Krejci wins face-off versus Bryan Little in neutral zone.
18:20 of 3rd period - Shot by Jamie Benn.
18:20 of 3rd period - Shot Blocked by Nick Foligno.
18:22 of 3rd period - Shot by Kevin Klein.
18:22 of 3rd period - Stopped by Sergei Bobrovsky without a rebound.
18:23 of 3rd period - Scott Gomez wins face-off versus Boyd Gordon in Hurricanes zone.
18:23 of 3rd period - Scott Gomez is hit by Nicklas Grossmann.
18:35 of 3rd period - Shot by Scott Gomez.
18:35 of 3rd period - Shot Misses the Net.
18:37 of 3rd period - Shot by Scott Gomez.
18:37 of 3rd period - Goal by Scott Gomez - Jets : 2 - Hurricanes : 2.
18:38 of 3rd period - Bryan Little wins face-off versus David Krejci in neutral zone.
19:07 of 3rd period - Shot by Tobias Enstrom.
19:07 of 3rd period - Stopped by Sergei Bobrovsky with a rebound.
19:38 of 3rd period - Shot by Jeff Carter.
19:38 of 3rd period - Shot Blocked by James Wisniewski.
19:58 of 3rd period - Shot by Jeff Carter.
19:58 of 3rd period - Stopped by Sergei Bobrovsky without a rebound.
19:59 of 3rd period - Scott Gomez wins face-off versus Nick Bonino in Hurricanes zone.
Goals for this period are 0 for Jets vs 1 for Hurricanes.
Shots for this period are 6 for Jets vs 12 for Hurricanes.

Overtime #1


0:01 of 1st overtime period - Joe Pavelski wins face-off versus Bryan Little in neutral zone.
1:10 of 1st overtime period - Shot by Scott Gomez.
1:10 of 1st overtime period - Stopped by Cory Schneider without a rebound.
1:11 of 1st overtime period - David Krejci wins face-off versus Scott Gomez in Jets zone.
1:28 of 1st overtime period - Shot by Michael Frolik.
1:28 of 1st overtime period - Goal by Michael Frolik - Jets : 2 - Hurricanes : 3.
Goals for this period are 0 for Jets vs 1 for Hurricanes.
Shots for this period are 0 for Jets vs 2 for Hurricanes.